 Dungeon Crawl Stone Soup version 0.20.1-1-g8b1a95d66d (webtiles) character file.

179 Csabeeboy the Shield-Bearer (level 5, 0/46 HPs)
             Began as a Draconian Fighter on Dec 24, 2017.
             Was a Follower of Qazlal.
             Slain by a sky beast (6 damage)
             ... on level 3 of the Dungeon.
             The game lasted 00:11:28 (3100 turns).

Csabeeboy the Shield-Bearer (Draconian Fighter)     Turns: 3100, Time: 00:11:30

Health: 0/46       AC:  5    Str: 23    XL:     5   Next: 33%
Magic:  5/5        EV: 11    Int:  9    God:    Qazlal [*.....]
Gold:   83         SH: 11    Dex: 11    Spells: 4/4 levels left

rFire    . . .     SeeInvis .   a - +0 long sword
rCold    . . .     Gourm    .   b - +0 shield
rNeg     . . .     Faith    .   (armour unavailable)
rPois    .         Spirit   .   (helmet restricted)
rElec    .         Reflect  .   (no cloak)
rCorr    .         Harm     .   (no gloves)
MR       .....                  (no boots)
Stlth    ++........             s - amulet of regeneration
Regen    0.6/turn               (no ring)
MPRegen  0.1/turn               (no ring)

@: mighty
A: unfitting armour, cold-blooded, AC +5
a: Renounce Religion


You were on level 3 of the Dungeon.
You worshipped Qazlal.
Qazlal was aware of your devotion.
You were not hungry.

You visited 1 branch of the dungeon, and saw 3 of its levels.

You collected 83 gold pieces.

Inventory:

Hand Weapons
 a - a +0 long sword (weapon)
Armour
 b - a +0 shield (worn)
Jewellery
 s - an amulet of regeneration (around neck)
 v - an uncursed ring of protection from fire {unknown}
 w - an uncursed ring of resist corrosion {unknown}
Wands
 d - a wand of paralysis (0/24)
Scrolls
 e - 4 scrolls of enchant armour {unknown}
 j - 5 scrolls of identify {unknown}
 k - 3 scrolls of teleportation {unknown}
 l - a scroll of noise {unknown}
 p - a scroll of magic mapping {unknown}
 q - 2 scrolls of remove curse {unknown}
 u - a scroll of recharging {unknown}
 y - a scroll of enchant weapon {unknown}
Potions
 f - 3 potions of flight {unknown}
 g - a potion of berserk rage {unknown}
 h - 2 potions of curing {unknown}
 n - a potion of lignification {unknown}
 o - a potion of cancellation {unknown}
 z - a potion of haste {unknown}
 A - a potion of degeneration {unknown}
Books
 r - a book of Maledictions

   Spells                             Type                      Level
   a - Corona                         Hexes                        1
   b - Ensorcelled Hibernation        Hexes/Ice                    2
   c - Confuse                        Hexes                        3
   d - Tukima's Dance                 Hexes                        3
   e - Dazzling Spray                 Conjuration/Hexes            3
Comestibles
 i - 2 royal jellies
 m - 2 meat rations
 t - a bread ration
 x - 3 fruits
 B - a chunk of flesh


   Skills:
 + Level 3.9 Fighting
 + Level 3.2 Long Blades
 + Level 3.6 Dodging
 + Level 1.4 Stealth
 + Level 3.9 Shields
 + Level 0.2 Evocations


You had 4 spell levels left.
You didn't know any spells.

Dungeon Overview and Level Annotations

Branches:
Dungeon (3/15)

Altars:
Qazlal
Trog
Xom
Yredelemnul


Innate Abilities, Weirdness & Mutations

Your plain brown scales are hard. (AC +5)
You cannot fit into any form of body armour.
You are cold-blooded and may be slowed by cold attacks.


Message History

Reactivating autopickup.
The sky beast barely misses you.
You barely miss the sky beast. You tail-slap the sky beast.
The sky beast is lightly wounded.
You block the sky beast's attack. x2
You slash the sky beast!
The sky beast is heavily wounded.
The sky beast flickers out of sight!
Deactivating autopickup; reactivate with Ctrl-A.
Something hits you but does no damage.
You miss something.
Your tail-slap misses something.
Something completely misses you.
You miss something.
A sky beast appears from thin air!
Reactivating autopickup.
You block the sky beast's attack.
The sky beast flickers out of sight!
Deactivating autopickup; reactivate with Ctrl-A.
Something hits you.
* * * LOW HITPOINT WARNING * * *
Something shocks you.
You die...

#.#.#..#.#.#...#
#.#.#..........##..
#.#.####.#.....##.#
#.#<.....#.....##.#
#.#.##.........##.#
.....<.......>.##.#
#.#.#....#......#.#
#.#.#.##.#..#####.#####
#.#.............@{....#
#.#.######.######..####
#..................#
###.######.#######.#
###........#######.#
....####...........#
###.####.#########.#
#..........# ###
##.####.##)#


There were no monsters in sight!

Vanquished Creatures
  Jessica (D:3)
  6 adders
  A gnoll (D:3)
  An ooze (D:1)
  4 worms (D:2)
  A dart slug (D:2)
  3 leopard geckos
  4 orcs (D:3)
  10 bats
  4 giant cockroaches
  7 goblins
  7 hobgoblins
  7 kobolds
  2 quokkas
  A ball python (D:3)
  A frilled lizard (D:1)
  10 rats
  A fungus (D:1)
71 creatures vanquished.

Notes
Turn   | Place    | Note
-------+----------+-------------------------------------------
     0 | D:1      | Csabeeboy the Draconian Fighter began the quest for the Orb.
     0 | D:1      | Reached XP level 1. HP: 19/19 MP: 1/1
   190 | D:1      | Reached XP level 2. HP: 19/26 MP: 2/2
  1277 | D:2      | Reached XP level 3. HP: 31/31 MP: 3/3
  1510 | D:2      | Reached XP level 4. HP: 11/40 MP: 4/4
  1528 | D:2      | HP: 2/40 [poisoned by an adder]
  1974 | D:2      | Found a bloodstained altar of Trog.
  1974 | D:2      | Found a stormy altar of Qazlal.
  1974 | D:2      | Found a basalt altar of Yredelemnul.
  1988 | D:2      | Became a worshipper of Qazlal Stormbringer
  2373 | D:3      | Noticed Jessica
  2379 | D:3      | Killed Jessica
  2379 | D:3      | Reached skill level 1 in Stealth
  2600 | D:3      | Reached XP level 5. HP: 46/46 MP: 5/5
  2788 | D:3      | Reached * piety under Qazlal
  2840 | D:3      | Found a shimmering altar of Xom.
  3083 | D:3      | Noticed a sky beast
  3100 | D:3      | Slain by a sky beast

Skill      XL: |  1  2  3  4 |
---------------+-------------+-----
Dodging        | 3 |  3.6
Stealth        | 1 |  1.4
Long Blades    | 3 |  3.2
Fighting       | |  3.9
Shields        | |  3.9
Evocations     | |  0.2

Action                   |  1- 3 |  4- 6 || total
-------------------------+-------+-------++-------
Melee: Long sword        |    91 |   114 ||   205
       Tailslap          |    15 |    13 ||    28
Evoke: Wand              |       |     2 ||     2
  Use: Potion            |       |     1 ||     1
 Stab: Distracted        |     1 |       ||     1
       Sleeping          |     1 |     2 ||     3
       Paralysed         |       |     2 ||     2
  Eat: Chunk             |     2 |     1 ||     3
       Bread ration      |       |     1 ||     1
Armor: Skin              |    21 |    31 ||    52
Dodge: Dodged            |    38 |    55 ||    93
Block: Shield            |    47 |    54 ||   101
       Rpst.: Long sword |     7 |    17 ||    24
